 Dungeon Crawl Stone Soup version 0.21-a0-442-g848f44b (webtiles) character file.

1901 Gildeon the Skirmisher (level 8, 0/71 HPs)
             Began as a Minotaur Fighter on Nov 13, 2017.
             Was a Priest of Kikubaaqudgha.
             Succumbed to a killer bee's poison
             ... on level 7 of the Dungeon on Nov 14, 2017.
             The game lasted 00:44:28 (6585 turns).

Gildeon the Skirmisher (Minotaur Fighter)           Turns: 6585, Time: 00:44:28

Health: 0/71       AC:  6    Str: 23    XL:     8   Next: 94%
Magic:  11/11      EV: 11    Int:  5    God:    Kikubaaqudgha [***...]
Gold:   85         SH: 10    Dex: 10    Spells: 12/13 levels left

rFire    . . .     SeeInvis .   a - +1 war axe
rCold    . . .     Gourm    .   c - +0 shield
rNeg     . . .     Faith    .   z - +0 leather armour
rPois    .         Spirit   .   w - +2 hat
rElec    .         Reflect  .   x - +0 cloak
rCorr    +         Harm     .   (no gloves)
MR       +....                  (no boots)
Stlth    +.........             (no amulet)
HPRegen  0.21/turn              j - ring of protection from magic
MPRegen  0.12/turn              E - ring of resist corrosion

@: lethally poisoned (0 -> -26), very slightly contaminated
A: retaliatory headbutt, horns 2
a: Receive Corpses, Renounce Religion


You were on level 7 of the Dungeon.
You worshipped Kikubaaqudgha.
Kikubaaqudgha was most pleased with you.
You were not hungry.

You visited 1 branch of the dungeon, and saw 7 of its levels.
You also visited: Sewer.

You collected 364 gold pieces.
You spent 279 gold pieces at shops.

Inventory:

Hand Weapons
 a - a +1 war axe (weapon)
Armour
 b - a +0 scale mail
 c - a +0 shield (worn)
 g - a cursed -1 ring mail
 w - a +2 hat (worn)
 x - a +0 cloak (worn)
 z - a +0 leather armour (worn)
 H - a +2 chain mail of fire resistance
 M - a cursed +0 chain mail
Jewellery
 j - a ring of protection from magic (left hand)
 p - an uncursed ring of magical power
 D - the ring of the Wild Haggis {Str+5 Int+3 Dex-5}
   (You found it on level 5 of the Dungeon)

   [ring of intelligence]

   It affects your strength (+5).
   It affects your intelligence (+3).
   It affects your dexterity (-5).
 E - a ring of resist corrosion (right hand)
Wands
 C - a wand of confusion (25/48)
Scrolls
 e - a scroll of enchant armour
 q - 2 scrolls of recharging
 t - 4 scrolls of teleportation
 F - a scroll of magic mapping
 G - a scroll of remove curse
Potions
 d - 2 potions of might
 h - a potion of agility
 k - a potion of heal wounds
 l - a potion of brilliance
 m - a potion of ambrosia
 n - 5 potions of flight
 o - 3 potions of curing
 r - 2 potions of mutation
 s - a potion of berserk rage
 u - a potion of haste
 A - a potion of magic {unknown}
 B - a potion of resistance {unknown}
 I - a potion of lignification {unknown}
Books
 y - Kikubaaqudgha's Handbook of Darkness
   (Kikubaaqudgha gifted it to you in a sewer)

   Spells                             Type                      Level
   a - Pain                           Necromancy                   1
   b - Corpse Rot                     Necromancy                   2
   c - Sublimation of Blood           Necromancy                   2
   d - Regeneration                   Charms/Necromancy            3
   e - Control Undead                 Necromancy                   4
 K - Kikubaaqudgha's Grimoire of Evil Magic
   (Kikubaaqudgha gifted it to you on level 6 of the Dungeon)

   Spells                             Type                      Level
   a - Animate Dead                   Necromancy                   4
   b - Excruciating Wounds            Charms/Necromancy            5
   c - Cigotuvi's Embrace             Necromancy                   5
   d - Dispel Undead                  Necromancy                   5
   e - Simulacrum                     Ice/Necromancy               6
Comestibles
 f - 2 bread rations
 i - 3 royal jellies
 v - a meat ration
 L - 3 fruits


   Skills:
 - Level 6.3 Fighting
 - Level 5.0 Axes
 - Level 5.2 Throwing
 - Level 5.0 Armour
 - Level 5.1 Dodging
 - Level 5.0 Shields
 - Level 3.0 Spellcasting
 + Level 2.1 Necromancy


You had 12 spell levels left.
You knew the following spells:

 Your Spells              Type           Power        Failure   Level  Hunger
a - Pain                  Necr           #...         56%         1    ##.....


Dungeon Overview and Level Annotations

Branches:
Dungeon (7/15)             Temple (0/1) D:5

Altars:
Cheibriados
Dithmenos
Kikubaaqudgha
Sif Muna
Wu Jian

Shops:
D:4 :   D:5 [


Innate Abilities, Weirdness & Mutations

You reflexively headbutt those who attack you in melee.
You have a pair of horns on your head.


Message History

The killer bee poisons you!
* * * LOW HITPOINT WARNING * * *
You feel very sick. The killer bee barely misses you.
You block the killer bee's attack. x2
The killer bee stings you but does no damage.
The killer bee misses you. You block the killer bee's attack.
* * * LOW HITPOINT WARNING * * *
You feel very sick. You block the killer bee's attack.
The killer bee stings you.
* * * LOW HITPOINT WARNING * * *
The killer bee misses you. You furiously retaliate!
You headbutt the killer bee! You block the killer bee's attack.
The killer bee completely misses you.
* * * LOW HITPOINT WARNING * * *
You feel sick. The killer bee barely misses you. You furiously retaliate!
You headbutt the killer bee. You block the killer bee's attack. x3
The killer bee stings you.
* * * LOW HITPOINT WARNING * * *
You die...
Kikubaaqudgha rasps: "You have failed me!
Welcome... death!"

########### #.........#
###########.........#
#...yy.@.........รท..#
#....yy.............#
#....l..............#
#...................#
#...................#
#####...................#
###.......................#
####...###...................#
#....####...>.......##########


You could see 4 killer bees and a leopard gecko.

Vanquished Creatures
  Sigmund (D:3)
  Menkaure (D:5)
  An ogre (D:6)
  3 centaurs (D:6)
  A bullfrog (D:7)
  A gnoll sergeant (D:5)
  A scorpion (D:3)
  An electric eel (D:7)
  4 crimson imps
  4 howler monkeys
  3 hounds
  2 centaur zombies (D:6)
  A centaur skeleton (D:5)
  4 orc wizards
  2 orc priests (D:6)
  Crazy Yiuf (D:3)
  An iguana (D:5)
  A merfolk siren (Sewer)
  3 worker ants
  A merfolk avatar (Sewer)
  A hound skeleton (D:5)
  5 gnolls (D:5)
  5 adders
  3 river rats
  An ooze (D:1)
  2 worms
  2 dart slugs
  8 leopard geckos
  10 orcs
  7 ball pythons
  6 giant cockroaches
  5 goblins
  2 hobgoblins
  9 jackals
  2 quokkas (D:4)
  A ball python skeleton (D:4)
  11 bats
  10 frilled lizards
  6 kobolds
  A quokka zombie (D:5)
  30 rats
  4 fungi (D:3)
168 creatures vanquished.

Notes
Turn   | Place    | Note
-------+----------+-------------------------------------------
     0 | D:1      | Gildeon the Minotaur Fighter began the quest for the Orb.
     0 | D:1      | Reached XP level 1. HP: 19/19 MP: 0/0
   186 | D:1      | Reached XP level 2. HP: 26/27 MP: 1/1
   816 | D:2      | Reached XP level 3. HP: 31/33 MP: 2/2
   826 | D:2      | Found an ornate altar of the Wu Jian Council.
  1804 | D:2      | Found an ancient bone altar of Kikubaaqudgha.
  2175 | D:3      | Reached skill level 5 in Axes
  2272 | D:3      | Noticed Sigmund
  2292 | D:3      | Killed Sigmund
  2292 | D:3      | Reached skill level 6 in Fighting
  2292 | D:3      | Reached XP level 4. HP: 36/45 MP: 3/3
  2292 | D:3      | Reached XP level 5. HP: 41/51 MP: 4/4
  2404 | D:3      | Noticed a necrophage
  2495 | D:3      | Reached XP level 6. HP: 48/58 MP: 5/5
  2681 | D:2      | Became a worshipper of Kikubaaqudgha
  3020 | D:3      | Found a runed door.
  3024 | D:3      | Noticed Crazy Yiuf
  3029 | D:3      | Killed Crazy Yiuf
  3191 | D:4      | Found a glowing drain.
  3194 | D:4      | Found Alatia's Book Emporium.
  3202 | D:4      | Reached skill level 5 in Armour
  3222 | Sewer    | Entered a sewer
  3310 | Sewer    | Reached * piety under Kikubaaqudgha
  3310 | Sewer    | Identified Kikubaaqudgha's Handbook of Darkness (Kikubaaqudgha gifted it to you in a sewer)
  3310 | Sewer    | Received a gift from Kikubaaqudgha
  3484 | Sewer    | Reached skill level 5 in Shields
  3530 | Sewer    | Reached ** piety under Kikubaaqudgha
  3547 | Sewer    | Reached skill level 1 in Dodging
  3821 | D:4      | Reached XP level 7. HP: 59/64 MP: 6/6
  4381 | D:5      | Entered Level 5 of the Dungeon
  4390 | D:5      | Noticed Menkaure
  4397 | D:5      | Killed Menkaure
  4513 | D:5      | Got an ancient bone ring
  4515 | D:5      | Identified the ring of the Wild Haggis {Str+5 Int+3 Dex-5} (You found it on level 5 of the Dungeon)
  4542 | D:5      | Found a staircase to the Ecumenical Temple.
  4589 | D:5      | Found a snail-covered altar of Cheibriados.
  4589 | D:5      | Found a shadowy altar of Dithmenos.
  4773 | D:5      | Reached skill level 5 in Dodging
  4871 | D:5      | Reached skill level 1 in Throwing
  5063 | D:5      | Found Efopott's Armour Shoppe.
  5082 | D:5      | Bought a +2 chain mail of fire resistance for 279 gold pieces
  5216 | D:5      | Reached XP level 8. HP: 71/71 MP: 7/7
  5323 | D:6      | Reached *** piety under Kikubaaqudgha
  5323 | D:6      | Identified Kikubaaqudgha's Grimoire of Evil Magic (Kikubaaqudgha gifted it to you on level 6 of the Dungeon)
  5323 | D:6      | Received a gift from Kikubaaqudgha
  5344 | D:6      | Reached skill level 5 in Throwing
  5456 | D:6      | Reached skill level 1 in Spellcasting
  5468 | D:6      | Found a deep blue altar of Sif Muna.
  6039 | D:7      | Reached skill level 1 in Necromancy
  6258 | D:7      | Learned a level 1 spell: Pain
  6584 | D:7      | HP: 3/71 [killer bee (5)]
  6585 | D:7      | Succumbed to a killer bee's poison

Vault maps used:
D:1:      minmay_arrival_widening_spiral_wide
D:2:      nicolae_overflow_hidden_temple, nicolae_overflow_crystal_walls,
          first_bread, nrook_loot_triangle
D:3:      minmay_misc_feat_diagonals, lightli_corner_chamber,
          uniq_crazy_yiuf_cottage, uniq_sigmund
D:4:      serial_shops, shop, cheibrodos_sewer_entry_sluice
D:5:      grunt_temple_overflow_open, minmay_temple_entry_junction_2,
          serial_shops, shop_fountains, uniq_menkaure
D:6:      basic_altar
D:7:      serial_bayou, serial_bayou_shore_b, serial_bayou_ford_a,
          serial_bayou_lake_a, serial_bayou_crossing, hangedman_decor_push,
          uniq_joseph
Sewer:    sewer_sea

Skill      XL: |  1  2  3  4  5  6  7  8 |
---------------+-------------------------+-----
Axes           | 3 4 5 |  5.0
Fighting       | 6 |  6.3
Armour         | 4 5 |  5.0
Shields        | 5 |  5.0
Dodging        | 2 5 |  5.1
Throwing       | 3 5 |  5.2
Spellcasting   | 3 |  3.0
Necromancy     | 2 |  2.1

Action                   |  1- 3 |  4- 6 |  7- 9 || total
-------------------------+-------+-------+-------++-------
Melee: War axe           |   109 |   173 |   177 ||   459
       Headbutt          |    16 |    29 |    27 ||    72
Evoke: Wand              |       |       |     1 ||     1
  Use: Scroll            |     9 |     8 |     5 ||    22
       Potion            |       |       |     1 ||     1
  Eat: Chunk             |     3 |     2 |     4 ||     9
       Bread ration      |     1 |       |     2 ||     3
Armor: Scale mail        |    17 |       |       ||    17
       Chain mail        |    58 |    89 |   110 ||   257
       Leather armour    |       |       |     5 ||     5
Dodge: Dodged            |    25 |    31 |    81 ||   137
Block: Shield            |    71 |    83 |   141 ||   295

Table legend:
 A = Spawn XP
 B = Non-spawn XP
 C = Spawn XP percentage of total XP
 D = Spawn monster count
 E = Non-spawn monster count
 F = Spawn count percentage of total count
 G = Total turns spent on level
                    A         B        C        D         E        F      G
               +---------+---------+-------+---------+---------+-------+---------
         Total |       0 |    2717 |   0.0 |       0 |     164 |   0.0 |  6585
               +---------+---------+-------+---------+---------+-------+---------
           D:1 |       0 |      40 |   0.0 |       0 |      23 |   0.0 |   812
           D:2 |       0 |      44 |   0.0 |       0 |      16 |   0.0 |  1379
           D:3 |       0 |     371 |   0.0 |       0 |      11 |   0.0 |   927
           D:4 |       0 |     242 |   0.0 |       0 |      26 |   0.0 |   831
           D:5 |       0 |     616 |   0.0 |       0 |      21 |   0.0 |   917
           D:6 |       0 |     964 |   0.0 |       0 |      23 |   0.0 |   938
           D:7 |       0 |     295 |   0.0 |       0 |       5 |   0.0 |   349
         Sewer |       0 |     145 |   0.0 |       0 |      39 |   0.0 |   432
               +---------+---------+-------+---------+---------+-------+---------
